 Dungeon Crawl Stone Soup version 0.28-a0-1493-g08698888e4 (webtiles) character file.

Game seed: 11675910009581937722

592 murtidash the Chopper (level 7, 0/60 (91) HPs)
             Began as a Hill Orc Delver on Jan 13, 2022.
             Slain by Duvessa (6 damage)
             ... on level 5 of the Dungeon.
             The game lasted 00:08:42 (5285 turns).

murtidash the Chopper (Hill Orc Delver)             Turns: 5285, Time: 00:08:43

HP:   0/60 (91)     AC: 23    Str: 14 (17) XL:     7   Next: 39%
MP:   7/7           EV:  2    Int:  8 (10) God:
Gold: 217           SH:  0    Dex: 11 (12) Spells: 6/6 levels left

rFire   . . .      SeeInvis .   a - +0 hand axe
rCold   . . .      Faith    .   (no shield)
rNeg    . . .      Spirit   .   (armour currently unavailable)
rPois   +          Reflect  .   (helmet currently unavailable)
rElec   .          Harm     .   (cloak currently unavailable)
rCorr   .          Rampage  .   (gloves currently unavailable)
Will    .....      NoTele   +   (boots currently unavailable)
Stlth   ++........              (no amulet)
HPRegen 0.20/turn               m - ring of poison resistance {rPois, !d}
MPRegen 0.10/turn               (no ring)

@: brilliant, tree-form, attractive, very heavily drained
A: stationary, stasis, torment immunity, boosted hp
a: no special abilities


You were on level 5 of the Dungeon.
You were a tree.
You visited 1 branch of the dungeon, and saw 5 of its levels.

You collected 217 gold pieces.

Inventory:

Hand Weapons
 a - a +0 hand axe (weapon)
 b - a +2 dagger of venom
   (You took it off a goblin on level 1 of the Dungeon)
 B - a +0 war axe
   (You found it on level 5 of the Dungeon)
Armour
 l - a scarf of invisibility (melded)
   (You found it on level 2 of the Dungeon)
 o - a +0 leather armour
 w - a +0 buckler
   (You found it on level 4 of the Dungeon)
 x - a +1 ring mail of poison resistance (melded)
   (You found it on level 4 of the Dungeon)
Magical Staves
 p - a staff of air {rElec}
   (You found it on level 1 of the Dungeon)
 v - a staff of conjuration {!a}
   (You found it on level 3 of the Dungeon)
Jewellery
 m - a ring of poison resistance (left branch) {rPois, !d}
   (You found it on level 1 of the Dungeon)
 t - the ring of the Devil's Team {rPois rF++ rN+ Dex+2}
   (You found it on level 2 of the Dungeon)

   [ring of positive energy]

   Dex:       It affects your dexterity (+2).
   rF:        It greatly protects you from fire.
   rPois:     It protects you from poison.
   rN:        It protects you from negative energy.
Wands
 g - a wand of digging (3)
 h - a wand of flame (10)
   (You found it on level 5 of the Dungeon)
 r - a wand of polymorph (7)
   (You took it off a kobold on level 2 of the Dungeon)
Scrolls
 c - a scroll of fog
 d - 3 scrolls of magic mapping {!r}
 i - 7 scrolls of identify {unknown}
 j - a scroll of silence {unknown}
 q - 2 scrolls of summoning {unknown}
 u - 4 scrolls of teleportation {unknown}
 y - a scroll of enchant armour {unknown}
 A - a scroll of holy word {unknown}
Potions
 f - a potion of haste
 s - a potion of lignification {!q}


   Skills:
 - Level 5.0 Fighting
 + Level 7.3 Axes
 + Level 5.1 Armour
 - Level 1.5 Dodging
 - Level 4.1 Stealth


You had 6 spell levels left.
You didn't know any spells.
Your spell library contained the following spells:

 Spells                   Type           Power      Damage    Failure   Level
 Olgreb's Toxic Radiance  Pois           0%         N/A       99%         4
 Ozocubu's Refrigeration  Ice            0%         4d5       100%        7
 Ignition                 Fire           0%         3d3       100%        8


Dungeon Overview and Level Annotations

Branches:
Dungeon (5/15)             Temple (0/1) D:5

Altars:
Sif Muna

Annotations:
D:5 Dowan, Duvessa


Message History

Dowan mumbles some strange words.
Dowan blinks!
Dowan mumbles some strange words.
Dowan blinks!
The sentinel's mark upon you fades away.
You see here a +0 war axe.
B - a +0 war axe Duvessa says, "Practise, practise, practise!
One day you'll be as good as me."
Aim: Duvessa, wielding a +2 short sword of draining and wearing a +2 leather armour of fire resistance (72% to hit)
The puff of flame hits Duvessa.
Duvessa resists.
You closely miss Duvessa.
Duvessa hits you with a +2 short sword of draining.
You feel drained.
You take 5 damage, and have 42/59 hp.
Aim: Duvessa, wielding a +2 short sword of draining and wearing a +2 leather armour of fire resistance (lightly wounded, will become a boggart, a centaur, or a bullfrog, chance to affect: 31%) Duvessa easily resists.
Duvessa hits you but does no damage.
You feel drained.
You hit Duvessa but do no damage. Duvessa barely misses you.
You hit Duvessa but do no damage.
Duvessa hits you with a +2 short sword of draining!
You feel drained.
You take 10 damage, and have 32/56 hp.
You slash Duvessa!
Duvessa hits you with a +2 short sword of draining.
You feel drained.
You take 4 damage, and have 28/54 hp.
You hit Duvessa but do no damage. Your punch misses Duvessa.
Duvessa hits you with a +2 short sword of draining!
You feel drained.
You take 11 damage, and have 17/52 hp.
MASSIVE DAMAGE!!
It was a potion of lignification.
You turn into a tree.
Your scarf of invisibility melds into your body.
Your +1 ring mail of poison resistance melds into your body.
Your roots penetrate the ground.
Duvessa hits you but does no damage.
You feel drained.
You now have 26/76 hp.
You hit Duvessa but do no damage. Duvessa hits you but does no damage.
You feel drained.
You closely miss Duvessa. Duvessa hits you but does no damage.
You feel drained.
You hit Duvessa.
Duvessa hits you with a +2 short sword of draining.
You feel drained.
You take 1 damage, and have 25/72 hp.
You barely miss Duvessa.
Duvessa hits you with a +2 short sword of draining.
* * * LOW HITPOINT WARNING * * *
You feel drained.
* * * LOW HITPOINT WARNING * * *
You take 7 damage, and have 18/70 hp.
It was a potion of attraction.
You feel attractive to monsters. Duvessa barely misses you.
Dowan is attracted toward you.
It was a potion of brilliance.
You feel clever all of a sudden. Duvessa hits you but does no damage.
You feel drained. Dowan is attracted toward you.
It was a potion of degeneration.
There was something very wrong with that liquid.
You feel weakened.
You feel dopey.
You feel clumsy. Duvessa hits you but does no damage.
You feel drained.
Okay, then.
Unknown command.
Unknown command.
Okay, then.
As you read the scroll of fear, it crumbles to dust.
You assume a fearsome visage.
Duvessa looks frightened!
Dowan looks frightened!
Dowan mumbles some strange words.
Dowan blinks!
Duvessa is attracted toward you. Dowan is attracted toward you.
You hit Duvessa.
Your attack snaps Duvessa out of her fear.
You barely miss Dowan.
Dowan gestures wildly while chanting.
Dowan blinks!
Duvessa barely misses you. Dowan is attracted toward you.
You hit Duvessa but do no damage.
Dowan gestures wildly while chanting.
Dowan blinks!
Duvessa hits you but does no damage.
You feel drained. Dowan is attracted toward you.
You closely miss Duvessa.
Dowan cries in horror.
Dowan gestures wildly while chanting.
Dowan blinks!
Duvessa hits you with a +2 short sword of draining.
* * * LOW HITPOINT WARNING * * *
You feel drained.
You take 6 damage, and have 13/64 hp.
You hit Duvessa but do no damage.
Duvessa hits you with a +2 short sword of draining.
* * * LOW HITPOINT WARNING * * *
You feel drained.
* * * LOW HITPOINT WARNING * * *
You take 3 damage, and have 10/63 hp.
You barely miss Duvessa.
Duvessa hits you with a +2 short sword of draining.
* * * LOW HITPOINT WARNING * * *
You feel drained.
* * * LOW HITPOINT WARNING * * *
You take 4 damage, and have 6/60 hp.
You closely miss Duvessa.
Duvessa hits you with a +2 short sword of draining.
You die...

.[.........# #......#
##..... ...........#
###..#######...^^.
..........## ###.<.##
#......... ...#.....##
#...### #.........
########## #.###
#......... ##.#
#........^ #..#
#........(
###.##########..).....^
#...#.♣e.........^.....
#.....##########.......
####### ####..^. ###..
###


You could see Duvessa.

Vanquished Creatures
  Prince Ribbit (D:5)
  A black bear (D:5)
  A centaur zombie (D:5)
  A centaur skeleton (D:3)
  An orc priest (D:5)
  2 bullfrog skeletons (D:5)
  An iguana (D:5)
  2 hound skeletons
  An adder (D:4)
  An adder skeleton (D:4)
  2 worms (D:2)
  2 dart slugs
  8 orcs
  6 endoplasms
  2 giant cockroaches
  6 goblins
  9 hobgoblins
  11 jackals
  8 kobolds
  2 quokkas
  6 ball pythons
  7 bats
  8 frilled lizards
  7 rats
96 creatures vanquished.

Notes
Turn   | Place    | Note
-------+----------+-------------------------------------------
     0 | D:5      | murtidash the Hill Orc Delver began the quest for the Orb.
     0 | D:5      | Reached XP level 1. HP: 19/19 MP: 1/1
    18 | D:5      | Reached skill level 4 in Fighting
    18 | D:5      | Reached skill level 3 in Axes
    18 | D:5      | Reached XP level 2. HP: 15/27 MP: 2/2
   148 | D:5      | Noticed Duvessa
   148 | D:5      | Noticed Dowan
   164 | D:5      | Noticed a black bear
   300 | D:5      | Noticed Prince Ribbit
   483 | D:1      | Reached XP level 3. HP: 22/34 MP: 3/3
   763 | D:1      | Found a faded altar of an unknown god.
   790 | D:1      | Reached skill level 4 in Axes
  1501 | D:2      | Reached skill level 1 in Armour
  1718 | D:2      | Reached XP level 4. HP: 30/41 MP: 4/4
  2083 | D:2      | Identified the ring of the Devil's Team {rPois rF++ rN+
                  | Dex+2}
  3136 | D:3      | Reached skill level 5 in Fighting
  3136 | D:3      | Reached skill level 2 in Armour
  3136 | D:3      | Reached XP level 5. HP: 34/48 MP: 5/5
  3921 | D:4      | Reached skill level 5 in Axes
  4357 | D:4      | Found a shimmering blue altar of Sif Muna.
  4470 | D:5      | Killed a black bear
  4471 | D:5      | Reached skill level 3 in Armour
  4471 | D:5      | Reached XP level 6. HP: 30/56 MP: 6/6
  4727 | D:5      | Killed Prince Ribbit
  4728 | D:5      | Reached skill level 6 in Axes
  4728 | D:5      | Reached skill level 4 in Armour
  4728 | D:5      | Reached XP level 7. HP: 47/61 MP: 7/7
  4844 | D:5      | Reached skill level 7 in Axes
  5111 | D:5      | Found a staircase to the Ecumenical Temple.
  5155 | D:5      | Reached skill level 5 in Armour
  5282 | D:5      | HP: 13/66 [Duvessa (6)]
  5284 | D:5      | HP: 6/60 [Duvessa (1)]
  5285 | D:5      | Slain by Duvessa

Illustrated notes

Levels and vault maps discovered:
D:1:      minmay_arrival_radiant_lines, layout_basic,
          hellmonk_ecumenical_altar_run_dry
D:2:      layout_rooms, serial_co_window_serial, co_window_corner_a,
          co_window_corner_a, co_window_corner_a, co_window_paths_b,
          co_window_of_opportunity_a, co_window_2corner, co_window_corner_b,
          co_window_broadway_b, co_window_4corner_b, glass_columns_a
D:3:      layout_loops_ring, kennysheep_generic_room_3
D:4:      layout_basic, led_sif_pool, kennysheep_boxes
D:5:      layout_rooms, minmay_temple_entry_drinking_statues, minmay_holes,
          uniq_prince_ribbit1, uniq_duvessa

Skill      XL: |  1  2  3  4  5  6  7 |
---------------+----------------------+-----
Fighting       | 4 5 |  5.0
Axes           | 3 4 5 6 7 |  7.3
Armour         | 1 2 3 4 5 |  5.1
Dodging        | |  1.5
Stealth        | |  4.1

Action                   |  1- 3 |  4- 6 |  7- 9 || total
-------------------------+-------+-------+-------++-------
Melee: Hand axe          |   108 |   161 |    80 ||   349
       Unarmed           |     2 |       |       ||     2
       Punch             |     1 |     1 |       ||     2
Evoke: Wand              |       |     6 |     4 ||    10
  Use: Potion            |       |       |     4 ||     4
       Scroll            |       |       |     2 ||     2
 Stab: Sleeping          |     3 |    11 |     1 ||    15
Armor: Leather armour    |    38 |    34 |       ||    72
       Ring mail         |       |    21 |    31 ||    52
       Skin              |       |       |     6 ||     6
Dodge: Dodged            |    86 |   103 |    45 ||   234

Table legend: (Time is in decaauts)
 A = Elapsed time spent in this place.
 B = Non-inter-level travel time spent in this place.
 C = Inter-level travel time spent in this place.
 D = Time resting spent in this place.
 E = Time spent auto-exploring this place.
 F = Levels seen in this place.
 G = Mean time per level.
                   A        B        C        D        E       F      G
               +--------+--------+--------+--------+--------+-----+--------+
         Total |   5294 |   5170 |    124 |    371 |   3771 |   5 | 1058.8 |
       Dungeon |   5294 |   5170 |    124 |    371 |   3771 |   5 | 1058.8 |
               +--------+--------+--------+--------+--------+-----+--------+

Top non-repeatable levels by time:
     D:2: 1449 daAuts
     D:5: 1151 daAuts
     D:4: 1002 daAuts
     D:3: 876 daAuts
     D:1: 816 daAuts

Table legend:
 A = Kills in this place as a percentage of kills in entire the game.
 B = Kills by you in this place as a percentage of kills by you in the entire game.
 C = Kills by friends in this place as a percentage of kills by friends in the entire game.
 D = Other kills in this place as a percentage of other kills in the entire game.
 E = Experience gained in this place as a percentage of experience gained in the entire game.
 F = Experience gained in this place divided by the number of levels of this place that you have seen.
                   A       B       C       D       E      F
               +-------+-------+-------+-------+-------+----------------------
         Total | 100.0 | 100.0 |   N/A |   N/A | 100.0 | 169.4
       Dungeon | 100.0 | 100.0 |   N/A |   N/A | 100.0 | 169.4
               +-------+-------+-------+-------+-------+----------------------
